 Dungeon Crawl Stone Soup version 0.31-a0-83-gbff143cfd1 (webtiles) character file.

Game seed: 10563191096230005215

173 Chodeload the Ducker (level 5, -2/29 HPs)
             Began as a Deep Elf Wanderer on May 24, 2023.
             Slain by a gnoll
             ... wielding a +0 flail
              (4 damage)
             ... on level 4 of the Dungeon.
             The game lasted 00:05:46 (2720 turns).

Chodeload the Ducker (Deep Elf Wanderer)            Turns: 2720, Time: 00:05:47

Health: -2/29      AC:  7    Str: 10    XL:     5   Next: 28%
Magic:  11/11      EV: 13    Int: 17    God:
Gold:   96         SH:  0    Dex: 15    Spells: 7/10 levels left

rFire   . . .        b - +0 falchion
rCold   . . .        (no shield)
rNeg    . . .        i - +2 leather armour
rPois   .            (no helmet)
rElec   .            q - +0 cloak
rCorr   .            n - +0 pair of gloves
SInv    .            (no boots)
Will    .....        m - amulet of faith
Stlth   +            (no ring)
HPRegen 0.24/turn    (no ring)
MPRegen 0.12/turn

%: faith
@: no status effects
A: no striking features
a: no special abilities


You were on level 4 of the Dungeon.
You visited 1 branch of the dungeon, and saw 4 of its levels.

You collected 96 gold pieces.

Inventory:

Hand Weapons
 a - a +0 sling
 b - a +0 falchion (weapon)
Missiles
 l - 45 stones
 o - 4 poisoned darts (quivered)
Armour
 i - a +2 leather armour (worn)
 n - a +0 pair of gloves (worn)
 q - a +0 cloak (worn)
Jewellery
 m - an amulet of faith (around neck)
Scrolls
 c - a scroll of fog
 f - a scroll of fear {unknown}
 h - a scroll of amnesia
 j - a scroll of enchant armour {unknown}
 k - a scroll of blinking {unknown}
 p - 2 scrolls of vulnerability {unknown}
 r - a scroll of identify {unknown}
Potions
 d - a potion of haste
 e - 3 potions of lignification {unknown}
 g - a potion of cancellation {unknown}


   Skills:
 - Level 1.5 Fighting
 - Level 1.5 Axes
 - Level 1.0 Armour
 - Level 4.8 Dodging
 - Level 3.2 Spellcasting
 + Level 4.7 Ice Magic
 - Level 1.1 Evocations


You had 7 spell levels left.
You knew the following spells:

 Your Spells              Type           Power      Damage    Failure   Level
a - Ozocubu's Armour      Ice            18%        N/A       10%         3

Your spell library contained the following spells:

 Spells                   Type           Power      Damage    Failure   Level
 Tukima's Dance           Hex            2%         N/A       56%         3
 Passage of Golubria      Tloc           2%         N/A       93%         4
 Yara's Violent Unravell  Hex/Tmut       0%         3d3       100%        5
 Ozocubu's Refrigeration  Ice            9%         4d9       100%        7


Dungeon Overview and Level Annotations

Branches:
Dungeon (4/15)
 Temple: D:4-7

Altars:


Message History

The gnoll is moderately wounded.
The gnoll hits you but does no damage.
The gnoll hits you from afar with a +0 spear.
You are too injured to fight recklessly!
You are too injured to fight recklessly!
You are too injured to fight recklessly!
You are too injured to fight recklessly!
You are too injured to fight recklessly!
You are too injured to fight recklessly!
You are too injured to fight recklessly!
You are too injured to fight recklessly!
You are too injured to fight recklessly!
You are too injured to fight recklessly!
You are too injured to fight recklessly!
You are too injured to fight recklessly!
You are too injured to fight recklessly!
You are too injured to fight recklessly!
You are too injured to fight recklessly!
You are too injured to fight recklessly!
You are too injured to fight recklessly!
You are too injured to fight recklessly!
You are too injured to fight recklessly!
You hit the gnoll.
The gnoll is heavily wounded.
The gnoll misses you. The gnoll completely misses you.
You closely miss the gnoll.
The gnoll is heavily wounded.
The gnoll hits you with a +0 club. The gnoll misses you.
The gnoll hits you but does no damage. The gnoll hits you with a +0 club.
You barely miss the gnoll.
The gnoll is heavily wounded.
The gnoll hits you but does no damage. The gnoll hits you with a +0 club.
You hit the gnoll.
You kill the gnoll!
The gnoll hits you from afar with a +0 spear!
* * * LOW HITPOINT WARNING * * *
You closely miss the gnoll.
The gnoll is moderately wounded.
The gnoll closely misses you. The gnoll hits you with a +0 flail.
You die...

#.# .# #.# .# #.# .# ### #.#
##'## ..# #.# ##.).## #.#
#.# ##.....## #.# ##.##
##.......#
#.#########...####g........#
................@g.........+
#.##.######...####.........#
#.##.# ##.## ##.......##
#.##.# #.# ##.....## ..##.#
#.# ##...## .###.# #.# #+##
.# #.# #.# .###.# .# .....#


You could see 2 gnolls.

Vanquished Creatures
  A hound (D:4)
  6 gnolls
  2 adders
  3 dart slugs
  An orc (D:3)
  5 endoplasms
  6 goblins
  5 hobgoblins
  7 jackals (D:1)
  6 kobolds
  3 quokkas
  4 ball pythons
  3 bats
  7 rats
59 creatures vanquished.

Notes
Turn   | Place    | Note
-------+----------+-------------------------------------------
     0 | D:1      | Chodeload the Deep Elf Wanderer began the quest for the
                  | Orb.
     0 | D:1      | Chodeload set off with the following items: a +0 hand axe,
                  | a +2 leather armour, a scroll of fog, a potion of haste.
     0 | D:1      | Reached XP level 1. HP: 12/12 MP: 3/3
    52 | D:1      | Reached skill level 1 in Spellcasting
   159 | D:1      | Reached XP level 2. HP: 10/16 MP: 7/7
   414 | D:1      | Noticed a golden eye
   415 | D:1      | Found a faded altar of an unknown god.
   435 | D:1      | Noticed a floating eye
   443 | D:1      | Noticed a great orb of eyes
   443 | D:1      | Noticed a floating eye
   901 | D:2      | Reached skill level 1 in Ice Magic
   901 | D:2      | Reached XP level 3. HP: 14/20 MP: 9/9
   905 | D:2      | Learned a level 3 spell: Ozocubu's Armour
  1578 | D:3      | Reached XP level 4. HP: 17/25 MP: 10/10
  2695 | D:4      | Reached XP level 5. HP: 26/29 MP: 11/11
  2720 | D:4      | Slain by a gnoll

Illustrated notes

Levels and vault maps discovered:
D:1:      minmay_arrival_stair_chambers, layout_loops_ring,
          hellmonk_ecumenical_altar_watching_god
D:2:      layout_basic, minmay_pentomino_r4
D:3:      layout_basic
D:4:      layout_loops_corners

Skill      XL: |  1  2  3  4 |
---------------+-------------+-----
Spellcasting   | 2 3 |  3.2
Ice Magic      | 1 2 4 |  4.7
Fighting       | |  1.5
Axes           | |  1.5
Armour         | |  1.0
Dodging        | |  4.8
Evocations     | |  1.1

Action                     |  1- 3 |  4- 6 || total
---------------------------+-------+-------++-------
  Melee: Hand axe          |   183 |       ||   183
         Punch             |     1 |       ||     1
         Falchion          |       |    43 ||    43
   Fire: Sling             |    16 |    22 ||    38
    Use: Scroll            |       |     1 ||     1
 Armour: Leather armour    |    72 |    19 ||    91
  Dodge: Dodged            |   176 |    44 ||   220

Table legend: (Time is in decaauts)
 A = Elapsed time spent in this place.
 B = Non-inter-level travel time spent in this place.
 C = Inter-level travel time spent in this place.
 D = Time resting spent in this place.
 E = Time spent auto-exploring this place.
 F = Levels seen in this place.
 G = Mean time per level.
                   A        B        C        D        E       F      G
               +--------+--------+--------+--------+--------+-----+--------+
         Total |   2789 |   2505 |    284 |    131 |   1497 |   4 |  697.2 |
       Dungeon |   2789 |   2505 |    284 |    131 |   1497 |   4 |  697.2 |
               +--------+--------+--------+--------+--------+-----+--------+

Top non-repeatable levels by time:
     D:2: 1123 daAuts
     D:1: 1010 daAuts
     D:3: 505 daAuts
     D:4: 149 daAuts
